Description

Roaches op

Replay - ZvT Roach Ravager

Build Order

Get SALT Encoding   

  12  0:00  Drone  
  13  0:13  Overlord  
  13  0:17  Drone  
  14  0:31  Drone x2  
  16  0:47  Hatchery  
  15  0:50  Drone x2  
  17  0:58  Drone  
  18  1:07  Extractor  
  17  1:13  Spawning Pool  
  17  1:16  Drone x2  
  18  1:33  Drone  
  20  1:55  Overlord  
  20  2:00  Queen x2  
  20  2:01  Zergling x4  
  31  2:37  Queen x2  
  36  2:45  Overlord  
  36  2:49  Evolution Chamber x2  
  36  3:06  Overlord  
  43  3:20  Zerg Missile Weapons Level 1  
  43  3:26  Zerg Ground Armor Level 1  
  48  3:48  Overlord  
  52  3:51  Lair  
  52  3:54  Extractor x3  
  52  4:04  Roach Warren  
  56  4:18  Queen  
  58  4:29  Hatchery  
  57  4:41  Metabolic Boost  
  57  4:52  Glial Reconstitution  
  57  4:55  Queen  
  59  5:01  Roach x4  
  67  5:09  Roach x2  
  67  5:11  Zergling x2  
  76  5:22  Zerg Missile Weapons Level 2  
  76  5:25  Zerg Ground Armor Level 2  
  83  5:53  Queen x2  
  87  6:15  Overseer  
  87  6:19  Extractor x2  
  91  6:36  Spore Crawler x3  
  91  6:38  Roach x4  
  124  7:20  Ravager x10  
  150  7:37  Zergling x6  
  151  7:44  Infestation Pit  
  164  8:21  Hatchery  
  151  9:01  Hive  
  129  9:21  Zerg Melee Weapons Level 1  
  142  9:54  Hatchery  
Spawning Tool Build Advisor. Get it on Overwolf

Go to:

Details

  • Created by: Aicy
  • Published on: Nov 01, 2021
  • Modified on: Nov 01, 2021
  • Patch: 4.11.0
  • Difficulty: Medium
Show
View Real Time Build Order
Export as new Build Order

Comments (0)

There are no comments. Be the first!

Create an account to comment!